 Dungeon Crawl Stone Soup version 0.16.0-17-g811c1d7 (webtiles) character file.

91 Speissi the Skirmisher (level 4, 37/37 HPs)
             Began as a Demonspawn Fighter on Mar 18, 2015.
             Quit the game on level 2 of the Dungeon on Mar 20, 2015.
             The game lasted 00:03:16 (1598 turns).

Speissi the Skirmisher (Demonspawn Fighter)         Turns: 1598, Time: 00:03:16

Health: 37/37      AC:  6    Str: 17    XL:     4   Next: 33%
Magic:  4/4        EV:  7    Int:  9    God:
Gold:   103        SH:  9    Dex: 13    Spells: 0 memorised, 3 levels left

rFire  + . .     SeeInvis .     a - +0 war axe
rCold  x . .     Clarity  .     b - +0 scale mail
rNeg   . . .     SustAb   .     c - +0 shield
rPois  .         Gourm    .     (no helmet)
rElec  .         Spirit   +     (no cloak)
rCorr  .         Warding  .     (no gloves)
rMut   .         Stasis   .     (no boots)
MR     .....                    (no amulet)
Stlth  ..........               (no ring)
                                m - ring of fire

@: not resistant to hostile enchantments, extremely unstealthy
A: magic shield, magic regeneration, rot immunity
a: no special abilities


You were on level 2 of the Dungeon.
You were hungry.

You visited 1 branch of the dungeon, and saw 2 of its levels.

You collected 103 gold pieces.

Inventory:

Hand weapons
 a - a +0 war axe (weapon)
Armour
 b - a +0 scale mail (worn)
 c - a +0 shield (worn)
Jewellery
 m - a ring of fire (left hand)
Scrolls
 h - 3 scrolls of random uselessness {unknown}
 i - a scroll of blinking {unknown}
 k - 2 scrolls of identify {unknown}
 l - a scroll of fear {unknown}
Potions
 e - a potion of might
 g - a potion of curing {unknown}
 j - 2 potions of heal wounds {unknown}
Comestibles
 d - a bread ration
 f - a beef jerky
 n - a slice of pizza
 o - a royal jelly


   Skills:
 + Level 4.0 Fighting
 + Level 2.0 Axes
 + Level 3.3 Armour
 + Level 0.6 Dodging
 + Level 3.1 Shields


You had 3 spell levels left.
You didn't know any spells.

Dungeon Overview and Level Annotations

Branches:
Dungeon (2/15)

Altars:


Innate Abilities, Weirdness & Mutations

When hurt, damage is shared between your health and your magic reserves.
You regenerate magic rapidly.
You are immune to rotting.


Message History

There is an open door here.
You see here a stone.
The hobgoblin hits you but does no damage.
You barely miss the hobgoblin. You block the hobgoblin's attack.
The hobgoblin hits you but does no damage.
Your shield prevents you from hitting the hobgoblin.
You block the hobgoblin's attack.
You hit the hobgoblin but do no damage. You block the hobgoblin's attack.
You barely miss the hobgoblin. You block the hobgoblin's attack.
The hobgoblin barely misses you.
You hit the hobgoblin but do no damage. You block the hobgoblin's attack.
You slash the hobgoblin!!
You kill the hobgoblin!
No target in view!
You see here 21 stones.
There is an open door here.
You are feeling hungry.
Eat which item? (? for menu, Esc to quit)
Okay, then.
Are you sure you want to abandon this character and quit the game? (Confirm with "yes".)

#.#......# #.#.#.♣.♣.#
#....#######.#.#♣P..♣#
##.#.........#(#♣P..♣
#....########(#♣P..PP
#.....# ##...♣♣PP.PP
##...## ##(...♣♣♣PPP♣
##.## ##......♣.....
####...####........♣.♣PP
#......@..'........♣♣♣♣♣
#.##...#>##.........# ♣
#.###.##.###.......## #
#...#.##.# ##.....##
#.....##.# ##...##
#...####.# ##'## #..##
#.# #.#
#..#####†######.########
#............##.#.......


There were no monsters in sight!

Vanquished Creatures
  Ijyb (D:2)
  An adder (D:2)
  2 worms (D:2)
  A giant gecko (D:2)
  3 oozes (D:1)
  6 bats
  A giant cockroach (D:2)
  4 hobgoblins
  9 jackals
  2 quokkas (D:2)
  A giant newt (D:2)
  10 goblins
  2 kobolds
  3 rats
46 creatures vanquished.

Notes
Turn   | Place    | Note
--------------------------------------------------------------
     0 | D:1      | Speissi, the Demonspawn Fighter, began the quest for the Orb.
     0 | D:1      | Reached XP level 1. HP: 18/18 MP: 1/1
   123 | D:1      | Gained mutation: When hurt, damage is shared between your health and your magic reserves. [demonic ancestry]
   123 | D:1      | Reached XP level 2. HP: 18/24 MP: 2/2
   843 | D:2      | Gained mutation: You regenerate magic rapidly. [demonic ancestry]
   843 | D:2      | Reached XP level 3. HP: 29/29 MP: 3/3
  1010 | D:2      | Noticed Ijyb
  1022 | D:2      | Killed Ijyb
  1223 | D:2      | Gained mutation: You are immune to rotting. [demonic ancestry]
  1223 | D:2      | Reached XP level 4. HP: 37/37 MP: 4/4
  1265 | D:2      | Reached skill level 4 in Fighting
  1507 | D:2      | Upgraded the game from 0.16.0-12-g7215832 to 0.16.0-17-g811c1d7
  1598 | D:2      | Quit the game

Action                   |  1- 3 |  4- 6 || total
-------------------------+-------+-------++-------
Melee: War axe           |   112 |    26 ||   138
  Eat: Chunk             |     1 |     1 ||     2
